 Dungeon Sprint DCSS version 0.31-a0-596-g831eee08f1 (webtiles) character file.

Game seed: 15371763775037180495

15 sircluck the Cudgeller (level 2, -2/24 HPs)
             Began as a Demonspawn Gladiator on Aug 20, 2023.
             Was a Follower of Qazlal.
             Slain by a jackal (3 damage)
             ... in the Dungeon (Sprint VII: "The Pits").
             The game lasted 00:00:54 (123 turns).

sircluck the Cudgeller (Demonspawn Gladiator)        Turns: 123, Time: 00:00:54

Health: -2/24      AC:  4    Str: 14    XL:     2   Next: 34%
Magic:  2/2        EV: 12    Int:  9    God:    Qazlal [*.....]
Gold:   0          SH:  1    Dex: 14    Spells: 1/1 levels left

rFire   . . .        a - +0 flail
rCold   . . .        (no shield)
rNeg    . . .        b - +0 leather armour
rPois   .            c - +0 helmet
rElec   .            (no cloak)
rCorr   .            (no gloves)
SInv    .            (no boots)
Will    .....        (no amulet)
Stlth   +            (no ring)
HPRegen 0.24/turn    (no ring)
MPRegen 0.08/turn

%: no teleportation
@: no status effects
A: claws 1
a: Renounce Religion


You were in the Dungeon.
You worshipped Qazlal.
Qazlal was aware of your devotion.
You visited 1 branch

Inventory:

Hand Weapons
 a - a +0 flail (weapon)
 l - a +2 mace
Missiles
 d - 3 throwing nets (quivered)
 e - a javelin
 q - 10 stones
Armour
 b - a +0 leather armour (worn)
 c - a +0 helmet (worn)
Scrolls
 k - a scroll of blinking
 n - 2 scrolls of vulnerability
 o - 5 scrolls of amnesia
 p - a scroll of summoning
Potions
 f - a potion of curing
 g - a potion of heal wounds
 h - a potion of haste
 i - 4 potions of magic
 j - 3 potions of berserk rage
 m - 2 potions of invisibility


   Skills:
 + Level 3.1 Fighting
 + Level 3.4 Maces & Flails
 + Level 2.8 Throwing
 + Level 3.4 Dodging


You had one spell level left.
You didn't know any spells.
Your spell library was empty.

Dungeon Overview and Level Annotations

Branches:
Dungeon (1/1)

Altars:
Ashenzari
Cheibriados
Dithmenos
Fedhas
Gozag
Hepliaklqana
Kikubaaqudgha
Makhleb
Nemelex Xobeh
Okawaru
Qazlal
Ru
Sif Muna
Trog
Uskayaw
Vehumet
Wu Jian
Xom
Yredelemnul
Jiyva
Lugonu


Innate Abilities, Weirdness & Mutations

You have sharp fingernails.


Message History

You are too injured to fight recklessly!
You are too injured to fight recklessly!
You are too injured to fight recklessly!
You are too injured to fight recklessly!
You are too injured to fight recklessly!
You are too injured to fight recklessly!
You are too injured to fight recklessly!
You are too injured to fight recklessly!
You sock the gnoll!
You kill the gnoll!
Qazlal accepts your kill.
You are now surrounded by a storm.
Your Fighting skill increases to level 3!
You have reached level 2!
Your demonic ancestry asserts itself...
Your fingernails lengthen.
Unknown command.
You barely miss the jackal. You claw the jackal, but do no damage.
You completely miss the jackal. The jackal bites you.
* * * LOW HITPOINT WARNING * * *
The jackal misses you. The jackal barely misses you.
You barely miss the jackal. The jackal misses you.
The jackal closely misses you. The jackal completely misses you.
The jackal closely misses you.
You completely miss the jackal. The jackal bites you.
* * * LOW HITPOINT WARNING * * *
The jackal misses you. x2
You closely miss the jackal. The jackal closely misses you.
The jackal barely misses you.
The jackal bites you but does no damage.
The jackal closely misses you.
You hit the jackal.
The jackal is lightly wounded.
The jackal bites you.
* * * LOW HITPOINT WARNING * * *
The jackal closely misses you. x2
You hit the jackal.
The jackal is severely wounded.
The jackal barely misses you. The jackal closely misses you.
The jackal bites you.
You die...

#....')))'.##......#..#
##########.##..........
#..........†'...........
#+#####'#####......#..#.
#...'.##...........
#...#.#####'#####+
#####.##.......#
+...#h##.......#
+..hh@##.......#
########...<...#
#.......# #.......#
#.......# #########


You could see 3 jackals.

Vanquished Creatures
  A gnoll (D)
  3 jackals (D)
  A frilled lizard (D)
  A jackal zombie (D)
6 creatures vanquished.

Notes
Turn   | Place    | Note
-------+----------+-------------------------------------------
     0 | D        | sircluck the Demonspawn Gladiator began the quest for the
                  | Orb.
     0 | D        | Reached XP level 1. HP: 16/16 MP: 1/1
    77 | D        | Found a bloodstained altar of Trog.
    77 | D        | Found a shimmering blue altar of Sif Muna.
    77 | D        | Found a viscous altar of Jiyva.
    77 | D        | Found a hazy altar of Hepliaklqana.
    77 | D        | Found an opulent altar of Gozag.
    78 | D        | Found a basalt altar of Yredelemnul.
    78 | D        | Found a shimmering altar of Xom.
    78 | D        | Found an ornate altar of the Wu Jian Council.
    78 | D        | Found a sacrificial altar of Ru.
    78 | D        | Found a stormy altar of Qazlal.
    78 | D        | Found an iron altar of Okawaru.
    78 | D        | Found a sparkling altar of Nemelex Xobeh.
    78 | D        | Found a burning altar of Makhleb.
    78 | D        | Found a blossoming altar of Fedhas.
    78 | D        | Found a shadowy altar of Dithmenos.
    78 | D        | Found a snail-covered altar of Cheibriados.
    81 | D        | Found a corrupted altar of Lugonu.
    81 | D        | Found a radiant altar of Vehumet.
    82 | D        | Found an ancient bone altar of Kikubaaqudgha.
    82 | D        | Found a hide-covered altar of Uskayaw.
    82 | D        | Found a broken altar of Ashenzari.
    85 | D        | Became a worshipper of Qazlal Stormbringer
   116 | D        | Reached * piety under Qazlal
   117 | D        | Gained mutation: You have sharp fingernails. [demonic
                  | ancestry]
   117 | D        | Reached XP level 2. HP: 3/24 MP: 2/2
   122 | D        | HP: 1/24 [jackal (1)]
   123 | D        | Slain by a jackal

Illustrated notes

Levels and vault maps discovered:
D:        pitsprint [storerooms_1, entrance_room_1, metal_vault_6, armoury_1,
          mini_pit_1, grid_room_1, main_hall_1, silver_pit, the_coven_1,
          the_vestibule_1, steel_vault_3, golden_pit, hallway_of_sentries,
          crystal_vault_4, iron_vault_4, final_vault]

Skill      XL: |  1 |
---------------+----+-----
Throwing       | 2 |  2.8
Maces & Flails | 3 |  3.4
Dodging        | 3 |  3.4
Fighting       | 3 |  3.1

Action                     || total
---------------------------++-------
  Melee: Flail             ||    44
         Punch             ||     2
 Armour: Leather armour    ||    16
  Dodge: Dodged            ||    45

Table legend: (Time is in decaauts)
 A = Elapsed time spent in this place.
 B = Non-inter-level travel time spent in this place.
 C = Inter-level travel time spent in this place.
 D = Time resting spent in this place.
 E = Time spent auto-exploring this place.
 F = Levels seen in this place.
 G = Mean time per level.
                   A        B        C        D        E       F      G
               +--------+--------+--------+--------+--------+-----+--------+
         Total |    133 |    116 |     17 |      0 |      0 |   1 |  133.0 |
       Dungeon |    133 |    116 |     17 |      0 |      0 |   1 |  133.0 |
               +--------+--------+--------+--------+--------+-----+--------+

Top non-repeatable levels by time:
       D: 133 daAuts
